ESL (28 & UNDER)
INTERCOURSE AMISH @ NEWARK BULLDOGS
08/05/2030
 
TOP OF THE 1ST
Intercourse Amish batting - Pitching for Newark Bulldogs : RHP Andrew Gil
Pitching: RHP Andrew Gil
Batting: RHB Joel Hebert 0-0: Ball
1-0: Called Strike
1-1: Called Strike
1-2: Strikes out swinging
Batting: LHB Carlos De La Rosa 0-0: Called Strike
0-1: Foul Ball, location: 2F
0-2: Ball
1-2: Strikes out swinging
Batting: RHB Júlio Serra 0-0: Swinging Strike
0-1: Called Strike
0-2: Strikes out swinging
Top of the 1st over - 0 runs, 0 hits, 0 errors, 0 left on base; Intercourse 0 - Newark 0
BOTTOM OF THE 1ST
Newark Bulldogs batting - Pitching for Intercourse Amish : LHP Kelly Shaw
Pitching: LHP Kelly Shaw
Batting: RHB José Casillán 0-0: Ball
1-0: Called Strike
1-1: Called Strike
1-2: Foul Ball, location: 2F
1-2: Ball
2-2: Foul Ball, location: 2F
2-2: Fly out, F8 (Flyball, 8LM)
Batting: RHB Ben Kearley 0-0: Foul Ball, location: 2F
0-1: Ball
1-1: Foul Ball, location: 2F
1-2: Ball
2-2: DOUBLE (Line Drive, 78XD)
Batting: RHB Denver Baker 0-0: Called Strike
0-1: SINGLE (Groundball, 56D)
Ben Kearley to third
Runner from 3rd tries for Home, SAFE, no throw
Batting: RHB Francisco Domínguez 0-0: Fly out, F3 (Popup, 3SF)
Batting: RHB Álex Hernández 0-0: Ball
1-0: 2-RUN HOME RUN (Flyball, 9LD), Distance : 367 ft
Batting: RHB Toshiki Kokawa 0-0: Ball
1-0: Ball
2-0: Called Strike
2-1: Swinging Strike
2-2: Foul Ball, location: 2F
2-2: Ball
3-2: Foul Ball, location: 2F
3-2: Ground out 5-3 (Groundball, 56)
Bottom of the 1st over - 3 runs, 3 hits, 0 errors, 0 left on base; Intercourse 0 - Newark 3
TOP OF THE 2ND
Intercourse Amish batting - Pitching for Newark Bulldogs : RHP Andrew Gil
Batting: RHB Gustavo Rodríguez 0-0: SINGLE (Line Drive, 78S)
Batting: RHB Frank Maxwell 0-0: Ball
1-0: Foul Ball, location: 2F
1-1: Grounds into double play, 4-6-3 (Groundball, 4)
Batting: SHB Sean Moody 0-0: Ball
1-0: Called Strike
1-1: Called Strike
1-2: Strikes out swinging
Top of the 2nd over - 0 runs, 1 hit, 0 errors, 0 left on base; Intercourse 0 - Newark 3
BOTTOM OF THE 2ND
Newark Bulldogs batting - Pitching for Intercourse Amish : LHP Kelly Shaw
Batting: LHB Will O'Dell 0-0: Ball
1-0: Foul Ball, location: 2F
1-1: Foul Ball, location: 2F
1-2: Foul Ball, location: 2F
1-2: Ground out 4-3 (Groundball, 4)
Batting: LHB Terry Barton 0-0: SINGLE (Groundball, 4D)
Batting: LHB Ángel Tuzzi 0-0: Ball
1-0: Ball
2-0: Called Strike
2-1: Ground out 4-3 (Groundball, 4S)
Terry Barton to second
Batting: RHB José Casillán 0-0: Called Strike
0-1: Called Strike
0-2: Strikes out swinging
Bottom of the 2nd over - 0 runs, 1 hit, 0 errors, 1 left on base; Intercourse 0 - Newark 3
TOP OF THE 3RD
Intercourse Amish batting - Pitching for Newark Bulldogs : RHP Andrew Gil
Batting: SHB Conan Hanson 0-0: Called Strike
0-1: Foul Ball, location: 2F
0-2: Fly out, F7 (Line Drive, 7)
Batting: SHB Frank Grant 0-0: Called Strike
0-1: Ball
1-1: Called Strike
1-2: SINGLE (Flyball, 78M)
Batting: RHB Roberto Solís 0-0: Ball
1-0: Swinging Strike
1-1: Swinging Strike
1-2: Foul Ball, location: 2F
1-2: Foul Ball, location: 2F
1-2: Strikes out swinging
Batting: RHB Joel Hebert 0-0: Ball
1-0: Called Strike
1-1: Called Strike
1-2: SINGLE (Line Drive, 7S)
Frank Grant to second
Frank Grant to third
Batting: LHB Carlos De La Rosa 0-0: Called Strike
0-1: Foul Ball, location: 2F
0-2: Fly out, F8 (Flyball, 8RS)
Top of the 3rd over - 0 runs, 2 hits, 0 errors, 2 left on base; Intercourse 0 - Newark 3
BOTTOM OF THE 3RD
Newark Bulldogs batting - Pitching for Intercourse Amish : LHP Kelly Shaw
Batting: RHB Ben Kearley 0-0: SINGLE (Flyball, 3D)
Batting: RHB Denver Baker 0-0: Ball
1-0: Ball
2-0: Foul Ball, location: 2F
2-1: Ball
3-1: Base on Balls
Ben Kearley to second
Batting: RHB Francisco Domínguez 0-0: Called Strike
0-1: Swinging Strike
0-2: Ball
1-2: Strikes out swinging
Batting: RHB Álex Hernández 0-0: Swinging Strike
0-1: Called Strike
0-2: Ball
1-2: SINGLE (Line Drive, 4MD)
Ben Kearley to third
Denver Baker to second
Batting: RHB Toshiki Kokawa 0-0: Ball
1-0: Called Strike
1-1: Ball
Wild Pitch!
Ben Kearley scores
Denver Baker to third
Álex Hernández to second
2-1: Ball
3-1: Base on Balls
Batting: LHB Will O'Dell 0-0: Foul Ball, location: 2F
0-1: Foul Ball, location: 2F
0-2: Foul Ball, location: 2F
0-2: Foul Ball, location: 2F
0-2: Ball
1-2: Fly out, F7 (Flyball, 78M)
Runner from 3rd tags up, OUT at HOME
Bottom of the 3rd over - 1 run, 2 hits, 0 errors, 2 left on base; Intercourse 0 - Newark 4
TOP OF THE 4TH
Intercourse Amish batting - Pitching for Newark Bulldogs : RHP Andrew Gil
Batting: RHB Júlio Serra 0-0: Ball
1-0: Swinging Strike
1-1: Ball
2-1: Called Strike
2-2: Ball
3-2: Strikes out swinging
Batting: RHB Gustavo Rodríguez 0-0: Ball
1-0: Swinging Strike
1-1: Called Strike
1-2: Ball
2-2: Foul Ball, location: 2F
2-2: Ball
3-2: Base on Balls
Batting: RHB Frank Maxwell 0-0: Ball
1-0: Foul Ball, location: 2F
1-1: SINGLE (Groundball, 6D)
Gustavo Rodríguez to second
Batting: SHB Sean Moody 0-0: Called Strike
0-1: Foul Ball, location: 2F
0-2: Ball
1-2: Foul Ball, location: 2F
1-2: Strikes out swinging
Batting: SHB Conan Hanson 0-0: Ball
1-0: Ball
2-0: Ball
3-0: Called Strike
3-1: Fly out, F7 (Flyball, 78D)
Top of the 4th over - 0 runs, 1 hit, 0 errors, 2 left on base; Intercourse 0 - Newark 4
BOTTOM OF THE 4TH
Newark Bulldogs batting - Pitching for Intercourse Amish : LHP Kelly Shaw
Batting: LHB Terry Barton 0-0: Ball
1-0: Ball
2-0: Foul Ball, location: 2F
2-1: Ball
3-1: Called Strike
3-2: Foul Ball, location: 2F
3-2: SINGLE (Line Drive, 4M)
Batting: LHB Ángel Tuzzi 0-0: Foul Ball, location: 2F
0-1: Ball
1-1: Foul Ball, location: 2F
1-2: Foul Ball, location: 2F
1-2: Fly out, F6 (Popup, 6M)
Batting: RHB José Casillán 0-0: Called Strike
0-1: Grounds into double play, 4-6-3 (Groundball, 4)
Bottom of the 4th over - 0 runs, 1 hit, 0 errors, 0 left on base; Intercourse 0 - Newark 4
TOP OF THE 5TH
Intercourse Amish batting - Pitching for Newark Bulldogs : RHP Gerald Dunham
Pitching: RHP Gerald Dunham
Batting: SHB Frank Grant 0-0: Ball
1-0: Called Strike
1-1: Swinging Strike
1-2: Foul Ball, location: 2F
1-2: Ball
2-2: SINGLE (Groundball, 56D)
Batting: RHB Roberto Solís 0-0: Called Strike
Frank Grant is caught stealing 2nd base
0-1: Ball
1-1: SINGLE (Groundball, 6MD)
Batting: RHB Joel Hebert 0-0: Fly out, F9 (Flyball, 9D)
Batting: LHB Carlos De La Rosa 0-0: Ground out 1-3 (Groundball, 13S)
Top of the 5th over - 0 runs, 2 hits, 0 errors, 1 left on base; Intercourse 0 - Newark 4
BOTTOM OF THE 5TH
Newark Bulldogs batting - Pitching for Intercourse Amish : LHP Kelly Shaw
Batting: RHB Ben Kearley 0-0: Ball
1-0: Ball
2-0: Foul Ball, location: 2F
2-1: Foul Ball, location: 2F
2-2: SINGLE (Groundball, 6MD)
Batting: RHB Denver Baker 0-0: Ball
1-0: Ball
2-0: Called Strike
2-1: Ball
3-1: Base on Balls
Ben Kearley to second
Pitching: LHP Rodrigo Álvarez
Batting: RHB Francisco Domínguez 0-0: Swinging Strike
0-1: Foul Ball, location: 2F
0-2: Ball
1-2: Strikes out swinging
Batting: RHB Álex Hernández 0-0: Grounds into double play, 1-6-3 (Groundball, 13)
Bottom of the 5th over - 0 runs, 1 hit, 0 errors, 1 left on base; Intercourse 0 - Newark 4
TOP OF THE 6TH
Intercourse Amish batting - Pitching for Newark Bulldogs : RHP Gerald Dunham
Batting: RHB Júlio Serra 0-0: DOUBLE (Line Drive, 9LD)
Batting: RHB Gustavo Rodríguez 0-0: Foul Ball, location: 2F
0-1: Ball
1-1: Foul Ball, location: 2F
1-2: Ball
2-2: Fly out, F8 (Flyball, 89D)
Runner from 2nd tags up, SAFE at 3rd, no throw
Batting: RHB Frank Maxwell 0-0: DOUBLE (Groundball, 5L)
Júlio Serra scores
Batting: SHB Sean Moody 0-0: Foul Ball, location: 2F
0-1: Ball
1-1: Ball
2-1: Foul Ball, location: 2F
2-2: Ball
3-2: Ground out 4-3 (Groundball, 4)
Frank Maxwell to third
Batting: SHB Conan Hanson 0-0: Called Strike
0-1: Called Strike
0-2: Ball
1-2: Ball
2-2: Ball
3-2: Base on Balls
Batting: SHB Frank Grant 0-0: Called Strike
0-1: Foul Ball, location: 2F
0-2: Strikes out swinging
Top of the 6th over - 1 run, 2 hits, 0 errors, 2 left on base; Intercourse 1 - Newark 4
BOTTOM OF THE 6TH
Newark Bulldogs batting - Pitching for Intercourse Amish : LHP Rodrigo Álvarez
Batting: RHB Toshiki Kokawa 0-0: Foul Ball, location: 2F
0-1: Ball
1-1: Ball
2-1: SOLO HOME RUN (Flyball, 9D), Distance : 368 ft
Batting: LHB Will O'Dell 0-0: Ground out 4-3 (Groundball, 4)
Batting: LHB Terry Barton 0-0: Foul Ball, location: 2F
0-1: Ball
1-1: Ball
2-1: Ball
3-1: Fly out, F7 (Flyball, 7LSF)
Batting: LHB Ángel Tuzzi 0-0: Ball
1-0: Swinging Strike
1-1: Foul Ball, location: 2F
1-2: SINGLE (Line Drive, 4) (infield hit)
Batting: RHB José Casillán 0-0: Ball
1-0: Reached on error, E6 (Groundball, 6MD)
Ángel Tuzzi to second
Batting: RHB Ben Kearley 0-0: Ball
1-0: Foul Ball, location: 2F
1-1: Foul Ball, location: 2F
1-2: Ground out 6-3 (Groundball, 6S)
Bottom of the 6th over - 1 run, 2 hits, 1 error, 2 left on base; Intercourse 1 - Newark 5
TOP OF THE 7TH
Intercourse Amish batting - Pitching for Newark Bulldogs : RHP Gerald Dunham
Batting: RHB Roberto Solís 0-0: DOUBLE (Groundball, 5L)
Batting: RHB Joel Hebert 0-0: Ball
1-0: Ball
2-0: Ball
3-0: Base on Balls
Batting: LHB Carlos De La Rosa 0-0: Called Strike
0-1: Ball
1-1: Ball
2-1: DOUBLE (Line Drive, 8LXD)
Roberto Solís scores
Joel Hebert to third
Pitching: RHP Bart Brown
Batting: RHB Júlio Serra 0-0: Foul Ball, location: 2F
0-1: Swinging Strike
0-2: SINGLE (Groundball, 4MD)
Joel Hebert scores
Carlos De La Rosa to third
Runner from 3rd tries for Home, SAFE, throw made home
Júlio Serra to second
Batting: RHB Gustavo Rodríguez 0-0: Ball
1-0: Called Strike
1-1: Ball
2-1: Foul Ball, location: 2F
2-2: Ball
3-2: Fly out, F9 (Line Drive, 9S)
Batting: RHB Frank Maxwell 0-0: Ball
Júlio Serra steals 3rd base
1-0: Ball
2-0: Called Strike
2-1: Foul Ball, location: 2F
2-2: Ball
3-2: Base on Balls
Batting: SHB Sean Moody 0-0: Called Strike
0-1: Ball
1-1: Called Strike
1-2: Foul Ball, location: 2F
1-2: Ball
2-2: Foul Ball, location: 2F
2-2: Strikes out looking
Batting: SHB Conan Hanson 0-0: Foul Ball, location: 2F
0-1: Fly out, F8 (Flyball, 8RM)
Top of the 7th over - 3 runs, 3 hits, 0 errors, 2 left on base; Intercourse 4 - Newark 5
BOTTOM OF THE 7TH
Newark Bulldogs batting - Pitching for Intercourse Amish : LHP Rodrigo Álvarez
Batting: RHB Denver Baker 0-0: Ball
1-0: Ball
2-0: SOLO HOME RUN (Flyball, 7LD), Distance : 335 ft
Pitching: RHP David Nanod
Batting: RHB Francisco Domínguez 0-0: Called Strike
0-1: Ball
1-1: Ball
2-1: Foul Ball, location: 2F
2-2: Ball
3-2: Base on Balls
Batting: RHB Álex Hernández 0-0: Ball
1-0: Ball
2-0: Foul Ball, location: 2F
2-1: Ball
3-1: Called Strike
3-2: Strikes out swinging
Batting: RHB Toshiki Kokawa 0-0: Ball
1-0: Swinging Strike
1-1: Grounds into double play, 6-4-3 (Groundball, 6M)
Bottom of the 7th over - 1 run, 1 hit, 0 errors, 0 left on base; Intercourse 4 - Newark 6
TOP OF THE 8TH
Intercourse Amish batting - Pitching for Newark Bulldogs : RHP Bart Brown
Now in LF: Lyle Jackson
Batting: SHB Frank Grant 0-0: Ball
1-0: Ball
2-0: Ball
3-0: Base on Balls
Batting: RHB Roberto Solís 0-0: Called Strike
0-1: Swinging Strike
0-2: Strikes out swinging
Batting: RHB Joel Hebert 0-0: Swinging Strike
0-1: Ball
1-1: Foul Ball, location: 2F
1-2: Foul Ball, location: 2F
1-2: Ball
2-2: Foul Ball, location: 2F
2-2: Foul Ball, location: 2F
2-2: Ball
3-2: Strikes out swinging
Batting: LHB Carlos De La Rosa 0-0: Foul Ball, location: 2F
0-1: Swinging Strike
0-2: Ball
1-2: Strikes out looking
Top of the 8th over - 0 runs, 0 hits, 0 errors, 1 left on base; Intercourse 4 - Newark 6
BOTTOM OF THE 8TH
Newark Bulldogs batting - Pitching for Intercourse Amish : RHP David Nanod
Batting: LHB Will O'Dell 0-0: Ball
1-0: Fly out, F8 (Flyball, 8RD)
Batting: LHB Terry Barton 0-0: Foul Ball, location: 2F
0-1: Foul Ball, location: 2F
0-2: Ball
1-2: Hit by Pitch
Batting: LHB Ángel Tuzzi 0-0: Called Strike
0-1: Fly out, F9 (Flyball, 9D)
Batting: RHB José Casillán 0-0: Ball
1-0: Ball
2-0: Called Strike
2-1: Fly out, F7 (Flyball, 7LM)
Bottom of the 8th over - 0 runs, 0 hits, 0 errors, 1 left on base; Intercourse 4 - Newark 6
TOP OF THE 9TH
Intercourse Amish batting - Pitching for Newark Bulldogs : RHP Bart Brown
Pitching: LHP Graham O'Day
Batting: RHB Júlio Serra 0-0: Called Strike
0-1: Called Strike
0-2: Ball
1-2: Ground out 6-3 (Groundball, 56)
Batting: RHB Gustavo Rodríguez 0-0: Foul Ball, location: 2F
0-1: Called Strike
0-2: Ball
1-2: Ball
2-2: Ground out U3 (Groundball, 3)
Batting: RHB Frank Maxwell 0-0: Called Strike
0-1: Foul Ball, location: 2F
0-2: Strikes out swinging
Top of the 9th over - 0 runs, 0 hits, 0 errors, 0 left on base; Intercourse 4 - Newark 6
Saturday, April 7th, 2018 - OOTP Baseball 18.8 Build 76